 Dungeon Crawl Stone Soup version 0.30-a0-242-g7bf8e6d787 (webtiles) character file.

Game seed: 12958289834922432497

28 NinjaNoafa the Magician (level 3, 0/25 HPs)
             Began as a Djinni Hedge Wizard on Oct 11, 2022.
             Slain by a worm (3 damage)
             ... on level 2 of the Dungeon.
             The game lasted 00:01:36 (886 turns).

NinjaNoafa the Magician (Djinni Hedge Wizard)        Turns: 886, Time: 00:01:37

Health: 0/25       AC:  3    Str:  6 (9)  XL:     3   Next: 27%
Gold:   56         EV: 12    Int: 15 (17) God:
                   SH:  0    Dex:  9 (12)

rFire   + + .      SeeInvis .    a - +0 dagger
rCold   x . .      Faith    .    (no shield)
rNeg    . . .      Spirit   .    b - +0 robe
rPois   ∞          Reflect  .    c - +0 hat
rElec   .          Harm     .    (no cloak)
rCorr   .          Rampage  .    g - +0 pair of gloves
Will    .....                    (boots unavailable)
Stlth   +.........               (no amulet)
HPRegen 0.24/turn                (no ring)
MPRegen 0.00/turn                (no ring)

@: mighty, flying
A: sickness immunity, fire resistance 2, cold vulnerability 1, float, innate
caster, HP casting, extra vitality 1
a: no special abilities


You were on level 2 of the Dungeon.
You visited 1 branch of the dungeon, and saw 2 of its levels.

You collected 56 gold pieces.

Inventory:

Hand Weapons
 a - a +0 dagger (weapon)
Missiles
 i - 3 stones
 j - 6 silver boomerangs
 l - 2 poisoned darts
 n - 4 atropa-tipped darts
Armour
 b - a +0 robe (worn)
 c - a +0 hat (worn)
 g - a +0 pair of gloves (worn)
Scrolls
 e - 2 scrolls of blinking {unknown}
 h - a scroll of identify {unknown}
 m - a scroll of noise {unknown}


   Skills:
 - Level 2.1 Dodging
 - Level 1.5 Stealth
 + Level 3.3 Spellcasting


You couldn't memorise any spells.
You knew the following spells:

 Your Spells              Type           Power      Damage    Failure   Level
a - Magic Dart            Conj           48%        1d5       4%          1
b - Slow                  Hex            48%        N/A       4%          1
c - Blink                 Tloc           24%        N/A       8%          2
d - Call Imp              Summ           12%        N/A       8%          2
e - Cigotuvi's Dreadful   Necr/Pois/Air  24%        N/A       8%          2
f - Mephitic Cloud        Conj/Pois/Air  12%        N/A       16%         3
g - Sting                 Tmut/Pois      48%        1d5       4%          1
Your spell library was empty.

Dungeon Overview and Level Annotations

Branches:
Dungeon (2/15)

Altars:


Innate Abilities, Weirdness & Mutations

You are immune to sickness and miasma.
You are immune to poison.
Your flesh is very heat resistant. (rF++)
You are vulnerable to cold. (rC-)
You float through the air rather than walking.
You learn spells naturally, not from books.
Your magical power is your life essence.
You have superior vitality. (+4 MHP)


Message History

An adder comes into view.
Found 11 gold pieces.
* * * LOW HITPOINT WARNING * * *
Casting: Blink (safe; 7% risk of failure)
Confirm with . or Enter, or press ? or * to list all spells.
Aiming: Slow (safe; 4% risk of failure)
Press: ? - help, Shift-Dir - straight line, f/p - worm
Aim: a worm (heavily wounded, chance to affect: 56%)
The worm seems to slow down.
* * * LOW HITPOINT WARNING * * *
You are too injured to fight recklessly!
Casting: Slow (safe; 4% risk of failure)
Confirm with . or Enter, or press ? or * to list all spells.
Aiming: Magic Dart (safe; 4% risk of failure)
Press: ? - help, Shift-Dir - straight line, f/p - worm
Aim: a worm (heavily wounded, slow, 100% to hit)
The magic dart hits the worm.
The worm is severely wounded.
* * * LOW HITPOINT WARNING * * *
The adder hisses angrily.
Found an inky potion.
Found a stone staircase leading up.
You feel stable enough to blink again.
It was a potion of magic.
Magic washes over you without effect. The adder closely misses you.
The adder attacks as you move away! The adder bites you.
* * * LOW HITPOINT WARNING * * *
The adder bites you.
* * * LOW HITPOINT WARNING * * *
Your magical contamination has completely faded away.
It was a potion of degeneration.
There was something very wrong with that liquid.
You feel weakened.
You feel dopey.
You feel clumsy. The adder misses you.
It was a potion of might.
You feel very mighty all of a sudden. The adder misses you.
You hit the worm.
The worm is severely wounded.
The adder closely misses you. The adder barely misses you. The worm bites you.
You die...

...#.###..# #.##....
.........####.. ...#
####.##.......## #.#
#.#..####..####...
#...#####.........
#####..###......#####
#.....).#............
#............wS.......
..............@.......
...........>..........
......................
#.................$...
##...#......=.........
#####.#..............
#.##.....!.!<....
##.....##.....


You could see a worm (slow) and an adder.

Vanquished Creatures
  3 dart slugs (D:1)
  A bat (D:2)
  2 endoplasms (D:1)
  A giant cockroach (D:1)
  2 goblins (D:2)
  2 hobgoblins (D:1)
  3 jackals (D:1)
  A ball python (D:1)
  2 frilled lizards (D:1)
  A kobold (D:1)
  2 rats (D:1)
20 creatures vanquished.

Notes
Turn   | Place    | Note
-------+----------+-------------------------------------------
     0 | D:1      | NinjaNoafa the Djinni Hedge Wizard began the quest for the
                  | Orb.
     0 | D:1      | NinjaNoafa set off with the following spells memorised:
                  | Magic Dart, Slow, Blink, Call Imp, Cigotuvi's Dreadful Rot,
                  | Mephitic Cloud.
     0 | D:1      | Reached XP level 1. HP: 15/15 MP: 0/0
   136 | D:1      | Reached XP level 2. HP: 18/21 MP: 0/0
   306 | D:1      | Reached skill level 3 in Spellcasting
   521 | D:1      | Reached XP level 3. HP: 18/25 MP: 0/0
   521 | D:1      | Learned a level 1 spell: Sting
   886 | D:2      | Slain by a worm

Illustrated notes

Levels and vault maps discovered:
D:1:      amcnicky_arrival_single_pillar, layout_basic
D:2:      layout_rooms

Skill      XL: |  1  2 |
---------------+-------+-----
Spellcasting   | 3 |  3.3
Dodging        | |  2.1
Stealth        | |  1.5

Action                   || total
-------------------------++-------
Melee: Dagger            ||     8
 Cast: Magic Dart        ||    53
       Slow              ||     3
       Call Imp          ||     1
       Blink             ||     1
  Use: Potion            ||     3
Armor: Robe              ||     2
Dodge: Dodged            ||    21

Table legend: (Time is in decaauts)
 A = Elapsed time spent in this place.
 B = Non-inter-level travel time spent in this place.
 C = Inter-level travel time spent in this place.
 D = Time resting spent in this place.
 E = Time spent auto-exploring this place.
 F = Levels seen in this place.
 G = Mean time per level.
                   A        B        C        D        E       F      G
               +--------+--------+--------+--------+--------+-----+--------+
         Total |    885 |    855 |     30 |      0 |    690 |   2 |  442.5 |
       Dungeon |    885 |    855 |     30 |      0 |    690 |   2 |  442.5 |
               +--------+--------+--------+--------+--------+-----+--------+

Top non-repeatable levels by time:
     D:1: 798 daAuts
     D:2: 87 daAuts
